 Dungeon Crawl Stone Soup version 0.31.0-9-g3a7656b989 (webtiles) character file.

Game seed: 8538705450276070346

84 qw the Shooter (level 4, 0/22 HPs)
             Began as a Spriggan Hunter on Feb 2, 2024.
             Slain by a gnoll
             ... wielding a +0 spear
              (6 damage)
             ... on level 2 of the Dungeon.
             The game lasted 00:00:04 (1159 turns).

qw the Shooter (Spriggan Hunter)                    Turns: 1159, Time: 00:00:05

Health: 0/22       AC:  2    Str:  7    XL:     4   Next: 23%
Magic:  5/5        EV: 19    Int: 10    God:
Gold:   77         SH:  0    Dex: 20    Spells: 3/3 levels left

rFire   . . .        a - +1 shortbow
rCold   . . .        (shield currently unavailable)
rNeg    . . .        c - +0 robe
rPois   .            (helmet restricted)
rElec   .            (no cloak)
rCorr   .            (gloves unavailable)
SInv    +            (boots unavailable)
Will    .....        (no amulet)
Stlth   ++           (no ring)
HPRegen 0.23/turn    (no ring)
MPRegen 0.09/turn

%: no passive effects
@: very quick
A: very small, no large weapons, unfitting armour, see invisible, speed 3
a: no special abilities


You were on level 2 of the Dungeon.
You visited 1 branch of the dungeon, and saw 2 of its levels.

You collected 77 gold pieces.


Innate Abilities, Weirdness & Mutations

You are very small and have problems with some larger weapons.
You are too small for most types of armour.
You have supernaturally acute eyesight. (SInv)
You cover ground extremely quickly. (Speed+++)


   Skills:
 - Level 1.5 Fighting
 - Level 5.0 Ranged Weapons
 + Level 4.5 Dodging
 - Level 1.5 Stealth


You had 3 spell levels left.
You didn't know any spells.
Your spell library was empty.

Inventory:

Hand Weapons
 a - a +1 shortbow (weapon)
Armour
 c - a +0 robe (worn)
Scrolls
 e - a scroll of enchant armour
Potions
 b - a potion of enlightenment {unknown}
 d - a potion of curing {unknown}
 h - a potion of lignification {unknown}

Dungeon Overview and Level Annotations

Branches:
Dungeon (2/15)

Altars:


Message History

You shoot an arrow. The arrow barely misses the bat.
The bat misses you.
You shoot an arrow. The arrow hits the bat!
You kill the bat!
Found a plate armour. 2 gnolls and a dart slug come into view.
The gnoll shouts! x2
The gnoll moves out of view.
A gnoll comes into view. It is wielding a +0 spear.
You shoot an arrow. The arrow barely misses the gnoll.
A gnoll comes into view. It is wielding a +0 spear.
You shoot an arrow. The gnoll shouts!
The arrow hits the gnoll but does no damage.
You shoot an arrow. The arrow closely misses the gnoll.
You shoot an arrow.
The arrow hits the gnoll but does no damage.
The gnoll completely misses you.
You shoot an arrow. The arrow barely misses the gnoll. x2
The arrow hits the dart slug!
The dart slug is severely wounded.
The gnoll closely misses you.
You shoot an arrow. The arrow hits the gnoll!
The gnoll is heavily wounded.
The gnoll barely misses you.
You shoot an arrow. The arrow hits the gnoll.
The gnoll is moderately wounded.
The gnoll misses you. The gnoll completely misses you.
The gnoll hits you from afar with a +0 spear!
The gnoll closely misses you.
You shoot an arrow. The arrow hits the dart slug!
You kill the dart slug!
The gnoll misses you. The gnoll closely misses you. x2
You shoot an arrow. The arrow closely misses the gnoll.
The gnoll barely misses you. The gnoll hits you with a +0 flail.
The gnoll hits you from afar with a +0 spear!
The gnoll closely misses you.
You shoot an arrow. The arrow barely misses the gnoll.
The gnoll hits you from afar with a +0 spear.
You die...

#........#
##........#########
.'................. .
.#.............## ..
.#.............# ...
.#.)...........# ...
.#.............# ..#
.#.............###...#
.......####.....@%...#
.....#.# #.....g.g..#
.....#.#
#......gg.....
.....#.#
#.............
.)...#.#
#.............
.....#.#
########......
.....#.# ......
..##:..# ......
..##...#


You could see 4 gnolls.

Vanquished Creatures
  4 gnolls (D:2)
  A ribbon worm (D:2)
  A dart slug (D:2)
  4 endoplasms
  2 giant cockroaches (D:1)
  4 goblins
  7 hobgoblins
  2 jackals (D:1)
  A kobold (D:1)
  A quokka (D:2)
  2 ball pythons (D:1)
  3 bats
  2 frilled lizards (D:1)
  3 rats (D:1)
37 creatures vanquished.

Notes
Turn   | Place    | Note
-------+----------+-------------------------------------------
     0 | D:1      | qw the Spriggan Hunter began the quest for the Orb.
     0 | D:1      | Reached XP level 1. HP: 10/10 MP: 2/2
     0 | D:1      | 0 ||| qw: Version: 0.3-a-155-g5e7d8dd
     0 | D:1      | 0 ||| qw: Game counter: 556
     0 | D:1      | 0 ||| qw: Melee chars always use a shield: true
     0 | D:1      | 0 ||| qw: God list: Okawaru
     0 | D:1      | 0 ||| qw: Allow faded altars: false
     0 | D:1      | 0 ||| qw: Do Orc after clearing Dungeon:15 true
     0 | D:1      | 0 ||| qw: Do second Lair branch before Depths: true
     0 | D:1      | 0 ||| qw: Lair rune preference: random
     0 | D:1      | 0 ||| qw: Goals: Normal
     0 | D:1      | 0 ||| PLANNING D:1-11
   105 | D:1      | Reached skill level 3 in Dodging
   213 | D:1      | Reached XP level 2. HP: 14/14 MP: 3/3
   936 | D:1      | 936 ||| READING scroll labelled REACUF QYFYSCH.
   936 | D:1      | 936 ||| ENCHANTING +0 shortbow.
   937 | D:1      | 937 ||| READING scroll labelled ZIPLARR ENURUH.
   937 | D:1      | 937 ||| ENCHANTING +1 shortbow.
   938 | D:1      | 938 ||| READING scroll labelled JITHI LEMMOFIA.
   938 | D:1      | 938 ||| IDENTIFYING silvery potion
   939 | D:1      | 939 ||| READING scroll labelled LUUMIAWEFO.
   940 | D:1      | 940 ||| DROPPING scroll of butterflies.
   941 | D:1      | 941 ||| DROPPING potion of magic.
   987 | D:2      | Reached XP level 3. HP: 18/18 MP: 4/4
   990 | D:2      | 990 ||| RETREEEEATING.
   991 | D:2      | 991 ||| RETREEEEATING.
   994 | D:2      | 994 ||| RETREEEEATING.
  1003 | D:2      | Reached skill level 5 in Ranged Weapons
  1010 | D:2      | Reached XP level 4. HP: 12/22 MP: 5/5
  1073 | D:2      | Identified the +5 trident "Denoff" {speed, rN+ Str+2 Dex+4}
  1159 | D:2      | Slain by a gnoll

Levels and vault maps discovered:
D:1:      dpeg_arrival_connections, layout_basic, serial_rivers,
          chequers_serial_rivers_large_b, chequers_serial_rivers_small_3,
          chequers_serial_rivers_micro_e, chequers_serial_rivers_micro_e,
          chequers_serial_rivers_micro_e, roderic_lattice_a
D:2:      layout_basic, basic_altar, eino_tiny_chamber

Skill      XL: |  1  2  3 |
---------------+----------+-----
Dodging        | 3 4 |  4.5
Ranged Weapons | 5 |  5.0
Fighting       | |  1.5
Stealth        | |  1.5

Action                     |  1- 3 |  4- 6 || total
---------------------------+-------+-------++-------
   Fire: Shortbow          |   107 |    24 ||   131
    Use: Scroll            |     4 |       ||     4
 Armour: Robe              |    13 |     5 ||    18
  Dodge: Dodged            |    47 |    13 ||    60

Table legend:
 A = Non-vault XP
 B = Vault XP
 C = Vault XP percentage of total XP
 D = Non-vault monster count
 E = Vault monster count
 F = Vault count percentage of total count
                 A         B        C        D         E       F
            +---------+---------+-------+---------+---------+-------
      Total |     120 |       0 |   0.0 |      37 |       0 |   0.0
            +---------+---------+-------+---------+---------+-------
        D:1 |      40 |       0 |   0.0 |      24 |       0 |   0.0
        D:2 |      80 |       0 |   0.0 |      13 |       0 |   0.0
            +---------+---------+-------+---------+---------+-------
